 Dungeon Crawl Stone Soup version 0.31.0-32-g396128a36d (webtiles) character file.

Game seed: 14476410020424256690

2041 Noglet the Protected (level 9, -3/78 HPs)
             Began as a Minotaur Berserker on Mar 19, 2024.
             Was an Elder of Trog.
             Slain by a gnoll
             ... wielding a +0 halberd
             ... led by a gnoll bouda
              (5 damage)
             ... on level 6 of the Dungeon.
             The game lasted 00:26:16 (8964 turns).

Noglet the Protected (Minotaur Berserker)           Turns: 8964, Time: 00:26:16

Health: -3/78      AC: 17    Str: 27    XL:     9   Next: 4%
Magic:  8/8        EV:  8    Int:  4    God:    Trog [****..]
Gold:   209        SH:  0    Dex:  9    Spells: 8/8 levels left

rFire   + . .        m - +3 spear
rCold   . . .        (no shield)
rNeg    . . .        C - +0 plate armour
rPois   .            (helmet restricted)
rElec   .            i - scarf {shadows}
rCorr   .            s - +0 pair of gloves
SInv    .            A - +1 pair of boots
Will    .....        (no amulet)
Stlth   x              - ring of protection from fire
HPRegen 0.33/turn    v - ring of flight
MPRegen 0.11/turn

%: no passive effects
@: on berserk cooldown, flying, slowed, very slow
A: horns 2, retaliatory headbutt
a: Renounce Religion, Berserk, Trog's Hand, Brothers in Arms


You were on level 6 of the Dungeon.
You worshipped Trog.
Trog was greatly pleased with you.
You visited 1 branch of the dungeon, and saw 6 of its levels.

You collected 209 gold pieces.

Inventory:

Hand Weapons
 a - a +0 hand axe
 c - a +0 heavy hand axe
 j - a +0 dagger of venom
 k - a +1 dagger of venom
 m - a +3 spear (weapon)
 p - a +2 quarterstaff of chaos
 B - a +1 heavy broad axe
Missiles
 d - 6 boomerangs (quivered)
 f - 4 poisoned darts
 h - 33 stones
 G - 3 atropa-tipped darts
Armour
 b - a +0 animal skin
 g - a +0 ring mail
 i - a scarf of shadows (worn)
 s - a +0 pair of gloves (worn)
 w - a +0 pair of boots
 y - a +0 ring mail
 A - a +1 pair of boots (worn)
 C - a +0 plate armour (worn)
 D - +0 steam dragon scales
Magical Staves
 E - a staff of alchemy
Jewellery
 q - a ring of wizardry
 v - a ring of flight (right hand)
 x - a ring of protection from fire (left hand)
Wands
 o - a wand of mindburst (21)
 F - a wand of quicksilver (16)
 H - a wand of charming (9)
Scrolls
 t - a scroll of amnesia
Potions
 e - 3 potions of curing {unknown}
 l - a potion of enlightenment
 n - a potion of might {unknown}
 r - 2 potions of haste {unknown}
 u - 2 potions of ambrosia {unknown}
 z - a potion of attraction {unknown}


   Skills:
 + Level 6.9 Fighting
 + Level 0.1 Short Blades
 + Level 5.3(7.1) Axes
 + Level 7.1(8.0) Polearms
 + Level 1.0(4.5) Staves
 + Level 8.9 Armour
 + Level 4.1 Dodging
 + Level 1.6 Stealth


You had 8 spell levels left.
You didn't know any spells.
Your spell library contained the following spells:

 Spells                   Type           Power      Damage    Failure   Level
 Apportation              Tloc           0%         N/A       99%         1
 Necrotise                Necr           0%         1d4       99%         1
 Shock                    Conj/Air       0%         1d3       99%         1
 Sting                    Conj/Alch      0%         1d3       99%         1
 Summon Small Mammal      Summ           0%         N/A       99%         1
 Call Imp                 Summ           0%         N/A       100%        2
 Cigotuvi's Dreadful Rot  Necr/Alch/Air  0%         N/A       100%        2
 Sublimation of Blood     Necr           0%         N/A       100%        2
 Swiftness                Air            0%         N/A       100%        3
 Vampiric Draining        Necr           0%         2d6       100%        3
 Airstrike                Air            0%         2d(0-16)  100%        4
 Dispel Undead            Necr           0%         3d6       100%        4
 Martyr's Knell           Necr/Summ      0%         N/A       100%        4
 Curse of Agony           Necr           0%         N/A       100%        5
 Death Channel            Necr           0%         N/A       100%        6
 Summon Hydra             Summ           0%         N/A       100%        7


Dungeon Overview and Level Annotations

Branches:
Dungeon (6/15)
 Temple: D:4-7

Altars:
Ashenzari
Cheibriados
Okawaru
Qazlal
Ru
Sif Muna
Trog
Vehumet
Zin

Shops:
D:4 (   D:5 =(

Annotations:
D:6 Jeremiah


Innate Abilities, Weirdness & Mutations

You have a pair of horns on your head.
You reflexively headbutt those who attack you in melee.


Message History

You hit the adder.
The adder is almost dead.
You feel sick. The adder bites you but does no damage.
The gnoll closely misses you.
The gnoll bouda barks out a call to the hunt!
The gnoll picks up the pace!
You impale the adder!!
You kill the adder!
Trog accepts your kill. The gnoll hits you but does no damage.
You feel sick. The gnoll hits you but does no damage.
The gnoll bouda closely misses you. You furiously retaliate!
You headbutt the gnoll bouda!
You kill the gnoll bouda!
Trog accepts your kill.
You can now call in reinforcements.
The gnoll closely misses you. You furiously retaliate!
You headbutt the gnoll!
You feel the power of Trog in you as your rage grows.
You kill the gnoll!
Trog accepts your kill.
Things that are here:
a +0 club; a +0 halberd; a gnoll corpse You feel a strong urge to attack something.
You feel sick.
You are no longer poisoned.
There is a bloodstained altar of Trog here.
Things that are here:
a +0 club; a +0 robe The gnoll hits you with a +0 halberd!
* * * LOW HITPOINT WARNING * * *
You feel your anger nearly subside.
You are no longer berserk.
You are exhausted.
You feel yourself slow down. The gnoll hits you but does no damage.
The gnoll hits you from afar with a +0 halberd.
* * * LOW HITPOINT WARNING * * *
The gnoll hits you with a +0 halberd!
* * * LOW HITPOINT WARNING * * *
The gnoll barely misses you. You furiously retaliate!
You headbutt the gnoll. The gnoll hits you but does no damage.
The gnoll hits you with a +0 halberd.
You die...

####### #%#
##.....## #.#
#..._...## #.#
..8..._..# #.#
#....###.##
##._.##...######
##..g.#.......>.#
#.)@..#...#.....#
#..).##...#.....#
#._)###[8.#...†.####
#....#....#........#
#.._...8..#.....##..
##..._...##.....###.
##.....###..######.
####### #......##.
.. ./.....####....


You could see a gnoll (swift).

Vanquished Creatures
  Pikel (D:6)
  Maggie (D:6)
  A black bear (D:5)
  An ogre (D:5)
  A phantom (D:4)
  2 lemures (D:6)
  A centaur (D:5)
  A bullfrog (D:6)
  2 jellies
  An orc priest (D:4)
  Crazy Yiuf (D:2)
  3 gnoll boudas
  2 hounds (D:6)
  Jessica (D:2)
  Natasha (twice) (D:3)
  5 iguanas
  3 orc wizards
  Robin (D:2)
  18 gnolls
  7 adders
  4 ufetubi
  3 dart slugs
  2 ribbon worms (D:2)
  16 orcs
  7 ball pythons
  2 bats
  3 endoplasms
  8 giant cockroaches
  15 hobgoblins
  2 jackals (D:3)
  3 quokkas
  A frilled lizard (D:3)
  15 goblins
  4 kobolds
  4 rats
144 creatures vanquished.

Vanquished Creatures (collateral kills)
  A giant cockroach (D:2)
  A quokka (D:2)
  A bat (D:2)
3 creatures vanquished.

Vanquished Creatures (others)
  An orc wizard (D:4)
1 creature vanquished.

Grand Total: 148 creatures vanquished

Notes
Turn   | Place    | Note
-------+----------+-------------------------------------------
     0 | D:1      | Noglet the Minotaur Berserker began the quest for the Orb.
     0 | D:1      | Reached XP level 1. HP: 19/19 MP: 0/0
   216 | D:1      | Found a faded altar of an unknown god.
   355 | D:1      | Reached XP level 2. HP: 21/27 MP: 1/1
  1113 | D:2      | Noticed Robin
  1117 | D:2      | Noticed Jessica
  1118 | D:2      | Reached XP level 3. HP: 33/33 MP: 2/2
  1126 | D:2      | Killed Jessica
  1130 | D:2      | Killed Robin
  1131 | D:2      | Reached XP level 4. HP: 32/41 MP: 3/3
  1139 | D:2      | Reached ** piety under Trog
  1405 | D:2      | Reached skill level 5 in Axes
  1491 | D:2      | Reached skill level 3 in Armour
  3111 | D:2      | Found a runed translucent door.
  3112 | D:2      | Noticed Crazy Yiuf
  3117 | D:2      | Killed Crazy Yiuf
  3118 | D:2      | Reached XP level 5. HP: 47/47 MP: 4/4
  3319 | D:3      | Noticed Natasha
  3327 | D:3      | Killed Natasha
  3328 | D:3      | Reached skill level 5 in Fighting
  4989 | D:3      | Noticed Natasha
  4998 | D:3      | Killed Natasha
  4999 | D:3      | Reached skill level 4 in Armour
  5143 | D:4      | Reached XP level 6. HP: 47/53 MP: 5/5
  5165 | D:4      | Reached *** piety under Trog
  5166 | D:4      | Reached skill level 1 in Polearms
  5614 | D:4      | Reached skill level 1 in Staves
  5630 | D:4      | Found Xoahoas's Antique Weapon Shoppe.
  6190 | D:4      | Reached skill level 5 in Armour
  6201 | D:4      | Reached skill level 1 in Stealth
  6442 | D:4      | Reached XP level 7. HP: 62/62 MP: 6/6
  6638 | D:5      | Entered Level 5 of the Dungeon
  6653 | D:5      | Found Micziuc's Jewellery Shop.
  6810 | D:5      | Reached skill level 6 in Armour
  6823 | D:5      | Found Xokebb's Weapon Emporium.
  7543 | D:5      | Reached XP level 8. HP: 58/70 MP: 7/7
  7686 | D:5      | Found a shimmering blue altar of Sif Muna.
  7932 | D:6      | Reached skill level 5 in Polearms
  8005 | D:6      | Found a broken altar of Ashenzari.
  8101 | D:6      | Reached skill level 7 in Armour
  8162 | D:6      | Noticed Pikel
  8187 | D:6      | Killed Pikel
  8188 | D:6      | Reached skill level 8 in Armour
  8768 | D:6      | Noticed Jeremiah
  8846 | D:6      | Noticed Maggie
  8868 | D:6      | Killed Maggie
  8869 | D:6      | Reached XP level 9. HP: 34/78 MP: 8/8
  8913 | D:6      | Found a radiant altar of Vehumet.
  8920 | D:6      | Found a stormy altar of Qazlal.
  8922 | D:6      | Found an iron altar of Okawaru.
  8924 | D:6      | Found a bloodstained altar of Trog.
  8930 | D:6      | Found a glowing silver altar of Zin.
  8933 | D:6      | Found a sacrificial altar of Ru.
  8942 | D:6      | Found a snail-covered altar of Cheibriados.
  8957 | D:6      | Reached **** piety under Trog
  8962 | D:6      | HP: 1/78 [gnoll/+0 halberd[a gnoll bouda] (7)]
  8964 | D:6      | Slain by a gnoll

Illustrated notes

Levels and vault maps discovered:
D:1:      dpeg_arrival_court, layout_loops_cross,
          chequers_ecumenical_altar_twisty, minmay_bisected
D:2:      layout_rooms, uniq_jessica, uniq_crazy_yiuf_cottage, uniq_robin
D:3:      layout_basic, uniq_natasha
D:4:      layout_loops_ring, portal_sewer_entry_d, serial_shops,
          nicolae_shop_gibbet_a_chance, kennysheep_nondescript,
          minmay_checkerbox
D:5:      cheibrodos_two_vegetables, layout_rooms, kennysheep_little_box,
          serial_shops, shop_statue, nicolae_shop_back_alley_shop,
          nicolae_shop_bloodbath_and_beyond, amcnicky_mini_pool_small,
          minmay_holes
D:6:      layout_rooms, overflow_temple_1_default,
          nicolae_overflow_hallway_of_the_gods,
          minmay_temple_entry_enclosed_plants, serial_co_window_serial,
          co_window_paths_b, co_window_of_opportunity_a,
          co_window_of_opportunity_a, co_window_of_opportunity_a,
          co_window_corner_a, co_window_corner_a, co_window_corner_a,
          co_window_corner_b, co_window_cross_4, co_window_broadway_b,
          co_window_broadway_b, co_window_of_opportunity_b, co_window_corner_cb,
          uniq_jeremiah, uniq_pikel, uniq_maggie, uniq_duvessa

Skill      XL: |  1  2  3  4  5  6  7  8 |
---------------+-------------------------+-----
Axes           | 4 5 |  5.3
Fighting       | 4 5 6 |  6.9
Armour         | 3 4 5 6 8 |  8.9
Dodging        | 3 4 |  4.1
Polearms       | 2 4 7 |  7.1
Staves         | 1 |  1.0
Stealth        | 1 |  1.6
Short Blades   | |  0.1

Action                     |  1- 3 |  4- 6 |  7- 9 || total
---------------------------+-------+-------+-------++-------
  Melee: Hand axe          |    26 |    11 |       ||    37
         Headbutt          |     3 |    26 |    20 ||    49
         Dagger            |       |    10 |       ||    10
         Spear             |       |    96 |   151 ||   247
         Quarterstaff      |       |    28 |       ||    28
         Punch             |       |       |     2 ||     2
 Invoke: Berserk           |     1 |       |     4 ||     5
    Use: Scroll            |     1 |     9 |     4 ||    14
 Armour: Animal skin       |    20 |       |       ||    20
         Ring mail         |    26 |   154 |    48 ||   228
         Plate armour      |       |       |   174 ||   174
  Dodge: Dodged            |    52 |   130 |   125 ||   307
